 Dungeon Crawl Stone Soup version bcrawl-1.19.2-6-g6a88ae04c9 (webtiles) character file.

Game seed: 14535984625622175860

562 Chiseanne the Charlatan (level 7, -1/53 HPs)
             Began as a Mummy Archaeologist on Jan 11, 2020.
             Slain by a hippogriff (5 damage)
             ... on level 4 of the Dungeon.
             The game lasted 00:08:23 (3927 turns).

Chiseanne the Charlatan (Mummy Archaeologist)       Turns: 3927, Time: 00:08:24

Health: -1/53      AC: 12    Str: 15    XL:     7   Next: 10%
Magic:  11/11      EV:  9    Int: 17    God:
Gold:   248        SH:  7    Dex: 12    Spells: 6/6 levels left

rFire    x . .     SeeInvis .   m - +0 war axe
rCold    + . .     Gourm    .   t - +0 shield
rNeg     + + +     Faith    .   x - +2 ring mail {rPois}
rPois    ∞         Spirit   .   w - +2 helmet
rElec    .         Reflect  .   (no cloak)
rCorr    .         Harm     .   (no gloves)
MR       .....     Clarity  +   d - +1 pair of boots
Stlth    +.........             o - amulet of the acrobat
HPRegen  0.17/turn              k - +4 ring of intelligence
MPRegen  0.12/turn              (no ring)

@: no status effects
A: no food or potions, fire vulnerability, clarity, cold resistance 1, negative
energy resistance 3, torment resistance, unbreathing
a: no special abilities


You were on level 4 of the Dungeon.
You were not hungry.

You visited 1 branch of the dungeon, and saw 4 of its levels.

You collected 248 gold pieces.

Inventory:

Hand Weapons
 f - the +9 staff of Wucad Mu {channel}
 i - a +0 short sword
 m - a +0 war axe (weapon)
Missiles
 b - 77 arrows
 l - 686 stones (quivered)
 n - 331 bolts
 p - 130 poisoned needles
 s - 617 sling bullets
Armour
 d - a +1 pair of boots (worn)
 t - a +0 shield (worn)
 w - a +2 helmet (worn)
 x - a +2 ring mail of poison resistance (worn)
Jewellery
 k - a +4 ring of intelligence (left hand)
 o - an amulet of the acrobat (around neck)
Wands
 e - a wand of disintegration (18)
 q - a wand of clouds (7)
 v - a wand of paralysis (7)
Scrolls
 a - 3 scrolls of teleportation
 g - 3 scrolls of remove curse
 h - 2 scrolls of magic mapping
 r - 2 scrolls of identify
 u - a scroll of enchant armour


   Skills:
 * Level 3.8 Fighting
   Level 0.7 Maces & Flails
 * Level 1.5 Armour
 * Level 3.0 Dodging
 - Level 2.6 Stealth
 * Level 1.5 Shields
 - Level 5.9 Evocations


You had 6 spell levels left.
You didn't know any spells.
Your spell library contained the following spells:

 Spells                   Type           Power        Failure   Level  Hunger
 Magic Dart               Conj           #...         95%         1    N/A
 Blink                    Tloc           N/A          99%         2    N/A
 Call Imp                 Summ           #.....       99%         2    N/A
 Conjure Flame            Conj/Fire      #.......     100%        3    N/A
 Mephitic Cloud           Conj/Pois/Air  #.......     100%        3    N/A
 Spider Form              Tmut/Pois      Unusable     N/A         3    N/A

Dungeon Overview and Level Annotations

Branches:
Dungeon (4/12)
 Temple: D:4-7

Altars:


Innate Abilities, Weirdness & Mutations

You do not eat or drink.
Your flesh is vulnerable to fire.
You are immune to poison.
You possess an exceptional clarity of mind.
Your flesh is cold resistant. (rC+)
You are immune to negative energy. (rN+++)
You are immune to unholy pain and torment.
You can survive without breathing.


Message History

You block the hippogriff's attack. x2; The hippogriff barely misses you.
The hippogriff bites you but does no damage.
The hippogriff pecks you but does no damage.
The hippogriff claws you.
* * * LOW HITPOINT WARNING * * *
You hit the hippogriff but do no damage.
The hippogriff is severely wounded.
The hippogriff bites you but does no damage.
The hippogriff pecks you.
* * * LOW HITPOINT WARNING * * *
The hippogriff claws you but does no damage.
You hit the hippogriff.
The hippogriff is severely wounded.
The hippogriff bites you.
* * * LOW HITPOINT WARNING * * *
The hippogriff pecks you but does no damage.
The hippogriff closely misses you.
The hippogriff bites you but does no damage.
You block the hippogriff's attack. The hippogriff claws you.
You die...

####.......# #########.#
##...<...##%####### #.#
...##.......#.....# #.####
.........##.#.....## #....#
...##.##......†.)..#######.#
...........................#
#.###...#############..###.#
..# ##..#.#.#.#.#.# ##.###.#
### #...#.#.#.#@# #.....#
#...#.#.#.#H# #..##.#
#...#.#.#.#.# #..##.#
#.#.........# #...>.#
#.<...#####.. ...####
###.... .#. ..#.# ##### . .
.....# # ########


You could see a hippogriff.

Vanquished Creatures
  A hippogriff (D:4)
  2 orc priests (D:4)
  A centaur skeleton (D:4)
  Robin (D:3)
  7 gnolls
  9 adders
  2 oozes
  3 worms
  3 dart slugs
  5 leopard geckos
  6 orcs (D:4)
  A giant cockroach (D:1)
  12 hobgoblins
  8 jackals
  3 quokkas
  6 bats
  3 frilled lizards
  14 goblins
  11 kobolds
  5 rats
103 creatures vanquished.

Notes
Turn   | Place    | Note
-------+----------+-------------------------------------------
     0 | D:1      | Chiseanne the Mummy Archaeologist began the quest for the
                  | Orb.
     0 | D:1      | Reached XP level 1. HP: 15/15 MP: 1/1
   386 | D:1      | Reached XP level 2. HP: 21/22 MP: 2/2
  1002 | D:2      | Reached XP level 3. HP: 29/29 MP: 3/3
  1041 | D:2      | Reached skill level 1 in Evocations
  1072 | D:2      | Reached skill level 2 in Evocations
  1339 | D:2      | Reached XP level 4. HP: 20/35 MP: 4/6
  1557 | D:2      | Reached skill level 3 in Evocations
  1914 | D:3      | Reached skill level 4 in Evocations
  1966 | D:3      | Reached XP level 5. HP: 19/41 MP: 8/8
  2342 | D:2      | Reached skill level 5 in Evocations
  2631 | D:3      | Noticed Robin
  2650 | D:3      | Killed Robin
  3204 | D:4      | Reached XP level 6. HP: 17/47 MP: 10/10
  3787 | D:4      | Noticed a hippogriff
  3793 | D:4      | Killed a hippogriff
  3793 | D:4      | Reached skill level 1 in Armour
  3793 | D:4      | Reached skill level 1 in Shields
  3793 | D:4      | Reached XP level 7. HP: 30/53 MP: 11/11
  3910 | D:4      | Noticed a hippogriff
  3927 | D:4      | Slain by a hippogriff

Skill      XL: |  1  2  3  4  5  6 |
---------------+-------------------+-----
Fighting       | 2 3 |  3.8
Evocations     | 2 4 5 |  5.9
Armour         | 1 |  1.5
Dodging        | 3 |  3.0
Shields        | 1 |  1.5
Maces & Flails | |  0.7
Stealth        | |  2.6

Action                   |  1- 3 |  4- 6 |  7- 9 || total
-------------------------+-------+-------+-------++-------
Melee: Whip              |    48 |       |       ||    48
       Short sword       |    23 |       |       ||    23
       War axe           |    46 |   296 |    16 ||   358
Throw: Stone             |       |     4 |       ||     4
Evoke: Wand              |       |     1 |       ||     1
  Use: Scroll            |     3 |     3 |       ||     6
 Stab: Sleeping          |     3 |     1 |       ||     4
Armor: Robe              |    23 |       |       ||    23
       Ring mail         |    25 |   179 |    26 ||   230
Dodge: Dodged            |    83 |   242 |    17 ||   342
Block: Shield            |       |    97 |    17 ||   114
